 Dungeon Crawl Stone Soup version 0.31-a0-1529-g7bd419a0e5 (webtiles) character file.

Game seed: 16803686298467137432

35190 quinnr the Devastator (level 13, -4/76 HPs)
             Began as a Tengu Air Elementalist on Dec 31, 2023.
             Was a High Priest of Vehumet.
             Blown up by a spellforged servitor (53 damage)
             ... with an orb of destruction
             ... summoned by the player character
             ... in an ice cave.
             The game lasted 00:42:50 (21903 turns).

quinnr the Devastator (Tengu Air Elementalist)     Turns: 21903, Time: 00:42:50

Health: -4/76      AC:  8    Str:  8    XL:     13   Next: 82%
Magic:  6/24       EV: 36    Int: 19    God:    Vehumet [*****.]
Gold:   848        SH:  5    Dex: 17    Spells: 1/26 levels left

rFire   . . .        f - staff of conjuration {!a}
rCold   + . .        p - +0 buckler
rNeg    . . .        z - +2 robe
rPois   .            (helmet restricted)
rElec   .            q - +2 cloak
rCorr   .            G - +0 pair of gloves
SInv    .            (boots unavailable)
Will    .....        i - amulet of regeneration
Stlth   +++          Z - ring of wizardry
HPRegen 1.12/turn    C - ring of protection from cold
MPRegen 0.19/turn

%: acrobat, wizardry (x1)
@: acrobatic, flying
A: beak, talons 3, evasive flight, acrobatic
a: Renounce Religion


You were in an ice cave.
You worshipped Vehumet.
Vehumet was extremely pleased with you.
You visited 3 branches of the dungeon, and saw 16 of its levels.
You also visited: Ice Cave.

You collected 928 gold pieces.
You spent 80 gold pieces at shops.


Innate Abilities, Weirdness & Mutations

You have a beak for a mouth.
You have claws for feet.
Your magical flight helps you evade attacks. (EV +4)
You can magically evade attacks while moving or waiting.


   Skills:
 + Level 7.4 Fighting
 - Level 10.0 Dodging
 - Level 5.0 Stealth
 - Level 4.0 Shields
 - Level 7.0 Spellcasting
 + Level 16.8 Conjurations
 - Level 9.0 Summonings
 + Level 6.4 Ice Magic
 - Level 9.0 Air Magic
 - Level 4.0 Evocations


You had one spell level left.
You knew the following spells:

 Your Spells              Type           Power      Damage    Failure   Level
a - Airstrike             Air            20%        2d(3-19)  1%          4
d - Orb of Destruction    Conj           41%        9d11      1%          7
f - Freezing Cloud        Conj/Ice/Air   31%        6-21      1%          5
s - Spellforged Servitor  Conj/Summ      35%        N/A       7%          7
t - Static Discharge      Conj/Air       100%       3-8/arc   1%          2

Your spell library contained the following spells:

 Spells                   Type           Power      Damage    Failure   Level
 Plasma Beam              Fire/Air       11%        2x1d22    32%         6
 Magic Dart               Conj           100%       1d8       0%          1
 Kiss of Death            Conj/Necr      100%       2d13      1%          1
 Shock                    Conj/Air       100%       1d9       1%          1
 Searing Ray              Conj           100%       2d8       0%          2
 Call Imp                 Summ           80%        N/A       1%          2
 Stone Arrow              Conj/Erth      100%       3d13      1%          3
 Swiftness                Air            40%        N/A       1%          3
 Fulminant Prism          Conj/Alch      27%        3d14      1%          4
 Sublimation of Blood     Necr           6%         N/A       9%          2
 Animate Armour           Summ/Erth      46%        N/A       10%         4
 Summon Blazeheart Golem  Fire/Summ      23%        N/A       10%         4
 Confusing Touch          Hex            6%         N/A       17%         3
 Dispel Undead            Necr           6%         3d8       50%         4
 Summon Hydra             Summ           20%        N/A       75%         7
 Lehudib's Crystal Spear  Conj/Erth      27%        10d7      90%         8

Inventory:

Hand Weapons
 E - a +3 dagger of venom
 O - a +1 rapier of distortion
Missiles
 M - a throwing net {=f}
Armour
 c - the +1 hat of Beyond {-Tele Harm Int-5 Dex+9}
   (You found it on level 10 of the Dungeon)

   Int-5:     It affects your intelligence (-5).
   Dex+9:     It affects your dexterity (+9).
   -Tele:     It prevents most forms of teleportation.
   Harm:      It increases damage dealt and taken.
 p - a +0 buckler (worn)
 q - a +2 cloak (worn)
 z - a +2 robe (worn)
 B - an orb of mayhem
 G - a +0 pair of gloves (worn)
Magical Staves
 f - a staff of conjuration (weapon) {!a}
 u - a staff of fire {!a}
 I - a staff of air {!a}
Jewellery
 i - an amulet of regeneration (around neck)
 n - a ring of positive energy
 C - a ring of protection from cold (right hand)
 H - an amulet of faith {!P}
 N - a ring of positive energy
 P - a ring of poison resistance
 S - a +6 ring of strength
 T - a +4 ring of protection
 W - a ring of willpower
 Z - a ring of wizardry (left hand)
Wands
 a - a wand of digging (2)
 e - a wand of mindburst (11)
 w - a wand of flame (14)
 x - a wand of light (4)
 A - a wand of charming (5)
 J - a wand of polymorph (4)
Scrolls
 g - 7 scrolls of teleportation {@r2}
 k - 2 scrolls of noise
 m - 3 scrolls of amnesia
 t - a scroll of torment
 v - 3 scrolls of enchant armour
 y - a scroll of poison
 F - a scroll of silence {!r}
 K - 3 scrolls of fog
 L - a scroll of butterflies
Potions
 b - a potion of resistance
 d - 7 potions of curing {@q1}
 h - 2 potions of enlightenment
 j - 3 potions of mutation
 o - 2 potions of attraction
 r - 5 potions of might
 s - 2 potions of lignification
 D - 2 potions of heal wounds {@q2}

Dungeon Overview and Level Annotations

Branches:
Dungeon (11/15)            Temple (1/1) D:6            Lair (4/5) D:11
  Swamp (0/4) Lair:3        Snake (0/4) Lair:3          Orc (0/2) D:9
  IceCv (1/1)
  Slime: Lair:4-5

Altars:
Ashenzari
Cheibriados
Dithmenos
Elyvilon
Fedhas
Gozag
Hepliaklqana
Kikubaaqudgha
Makhleb
Nemelex Xobeh
Okawaru
Qazlal
Ru
Sif Muna
Trog
Uskayaw
Vehumet
Wu Jian
Xom
Yredelemnul
Zin
The Shining One

Shops:
D:7 ((!

Portals:
Trove: D:10 (give +3 gold dragon scales)

Annotations:
D:5 2 runed translucent doors, RockinRobin's ghost, amateur FeSh
Lair:2 exclusion: oklob plant
Lair:3 2 transporters, jasper's ghost, journeyman DECj

##.#.##
#...#[#
#.# #...#
#.##.####
#.# #...#
#.####..
### ##.##
#..###.
#.#
##.##.#
≈.≈
#..#.#
≈≈≈#
##...##
≈≈≈≈#
#..#≈##
≈≈≈≈≈
##.##@##
####○≈##
#
##○°##.##
##≈○##.##
##○°#†Y#
###9.#
#††##
#.#†#
#..##


You could see a friendly spellforged servitor (summoned).


Message History

Your spellforged servitor conjures an orb of pure magic.
The wavering orb of destruction weakly hits the polar bear!!
Something misses your spellforged servitor.
You hear an angry growl.
Something misses your spellforged servitor.
Your spellforged servitor conjures a glowing orb.
Something gores your spellforged servitor!
Casting: Static Discharge (safe; 1% risk of failure)
Confirm with . or Enter, or press ? or * to list all spells.
Aiming: Orb of Destruction (dangerous; 1% risk of failure)
Press: ? - help, Shift-Dir - straight line, f - polar bear
Aim: a polar bear (water, heavily wounded, ally target)
You feel a surge of power!
The wavering orb of destruction weakly hits the polar bear!!
The polar bear is almost dead.
The polar bear goes berserk!
Unknown command.
Casting: Orb of Destruction (dangerous; 1% risk of failure)
Confirm with . or Enter, or press ? or * to list all spells.
Aiming: Orb of Destruction (dangerous; 1% risk of failure)
Press: ? - help, Shift-Dir - straight line, f/p - polar bear
Aim: a polar bear (water, almost dead, berserk, ally target)
You feel a surge of power!
The wavering orb of destruction weakly hits the polar bear!
You blow up the polar bear!
Vehumet accepts your kill.
You feel your power returning. The orb of destruction hits you!!!
Ouch! That really hurt!
You die...

Skill      XL: |  1  2  3  4  5  6  7  8  9 10 11 12 13 |
---------------+----------------------------------------+-----
Air Magic      | 5 6 7 8 9 |  9.0
Fighting       | 1 5 7 |  7.4
Dodging        | 3 5 6 8 10 | 10.0
Shields        | 2 4 |  4.0
Conjurations   | 4 6 8 12 14 15 16 | 16.8
Spellcasting   | 3 4 5 7 |  7.0
Stealth        | 4 5 |  5.0
Evocations     | 4 |  4.0
Summonings     | 7 9 |  9.0
Ice Magic      | 6 |  6.4

Action                     |  1- 3 |  4- 6 |  7- 9 | 10-12 | 13-15 || total
---------------------------+-------+-------+-------+-------+-------++-------
  Melee: Unarmed           |     5 |       |       |       |       ||     5
         Peck              |     2 |       |     2 |     8 |     8 ||    20
         Kick              |     1 |       |     3 |     8 |    10 ||    22
         Staff             |       |       |    10 |    23 |    28 ||    61
   Cast: Shock             |    71 |   101 |   141 |   205 |    14 ||   532
         Static Discharge  |       |     3 |    15 |    78 |    15 ||   111
         Airstrike         |       |     3 |    31 |   138 |    23 ||   195
         Orb of Destructio |       |       |       |    41 |    17 ||    58
         Freezing Cloud    |       |       |       |       |    11 ||    11
         Spellforged Servi |       |       |       |       |    11 ||    11
  Evoke: Wand              |       |       |       |    16 |     8 ||    24
    Use: Scroll            |       |       |       |    14 |     6 ||    20
         Potion            |       |       |       |     1 |       ||     1
   Stab: Distracted        |       |       |       |       |     1 ||     1
 Armour: Robe              |    16 |     9 |    44 |   190 |    52 ||   311
  Dodge: Dodged            |    24 |    11 |    64 |   188 |    67 ||   354
  Block: Buckler           |       |     2 |    21 |    67 |    15 ||   105

Levels and vault maps discovered:
D:1:      grunt_arrival_crossed_arrows, layout_rooms,
          minmay_misc_feat_four_crosses
D:2:      layout_basic, basic_altar, basic_ecumenical_altar, uniq_natasha
D:3:      layout_rooms, minmay_goblin_kobold_house
D:4:      layout_basic, minmay_misc_feat_hallway
D:5:      kennysheep_spiral_hall, layout_loops_cross, ebering_ghost_sewer_f,
          uniq_duvessa
D:6:      layout_loops_corners, minmay_temple_entry_drinking_statues,
          uniq_sigmund, uniq_jeremiah
D:7:      layout_cave_pools, serial_glass, glass_columns_c, glass_columns_a,
          nicolae_wooded_promenade
D:8:      layout_loops_corners, nicolae_ru_sacrificial_ziggurat
D:9:      layout_stronghold, grunt_temple_overflow_open, zombieorc2_lemuel,
          minmay_misc_feat_tiny, uniq_joseph, uniq_amaemon
D:10:     layout_stronghold, nicolae_trove_entry_crystal
D:11:     minmay_recursive_quarters, layout_rooms, david_lair_shrubbed
Temple:   compressed_dpeg_triangle_lava_temple
Lair:1:   layout_big_grid, serial_bayou_shore_a
Lair:2:   layout_chaotic_city, basic_altar, hangedman_tree_tricks
Lair:3:   layout_cave_pods, mainiacjoe_swamp_entry_lozenge_pond,
          minmay_snake_entry_six_corridors, gammafunk_ghost_berserking_beasts,
          infiniplex_staircase_pool, grunt_megastairs_2
Lair:4:   layout_regular_city, portal_ice_cave_entry_pillars_1
IceCv:    ice_cave_caverns_01

Notes
Turn   | Place    | Note
-------+----------+-------------------------------------------
     0 | D:1      | quinnr the Tengu Air Elementalist began the quest for the
                  | Orb.
     0 | D:1      | Reached XP level 1. HP: 10/10 MP: 4/4
   144 | D:1      | Reached XP level 2. HP: 15/15 MP: 1/6
   399 | D:1      | Reached skill level 5 in Air Magic
   594 | D:1      | Reached XP level 3. HP: 19/19 MP: 5/7
   942 | D:2      | Found a shimmering altar of Xom.
  1106 | D:2      | Reached skill level 6 in Air Magic
  1216 | D:2      | Noticed Natasha
  1350 | D:3      | Reached XP level 4. HP: 23/24 MP: 2/8
  1355 | D:3      | Learned a level 4 spell: Airstrike
  1358 | D:3      | Learned a level 2 spell: Static Discharge
  1411 | D:2      | Killed Natasha
  1442 | D:2      | Found a faded altar of an unknown god.
  1516 | D:2      | Noticed Natasha
  1519 | D:2      | Killed Natasha
  1520 | D:2      | Reached skill level 7 in Air Magic
  1629 | D:2      | Reached XP level 5. HP: 28/28 MP: 6/9
  1822 | D:2      | Noticed Natasha
  1829 | D:2      | Killed Natasha
  1951 | D:3      | Reached skill level 8 in Air Magic
  2688 | D:4      | Reached skill level 1 in Fighting
  2688 | D:4      | Reached XP level 6. HP: 34/34 MP: 6/10
  2731 | D:4      | Reached skill level 3 in Dodging
  2731 | D:4      | Reached skill level 1 in Shields
  2731 | D:4      | Reached skill level 2 in Conjurations
  3091 | D:4      | Reached skill level 3 in Conjurations
  3137 | D:4      | Reached skill level 2 in Shields
  3502 | D:5      | Entered Level 5 of the Dungeon
  3693 | D:5      | Noticed a black bear
  3694 | D:5      | Reached skill level 4 in Conjurations
  3694 | D:5      | Gained mutation: Your magical flight helps you evade
                  | attacks. (EV +4) [Tengu growth]
  3694 | D:5      | Reached XP level 7. HP: 29/38 MP: 4/11
  3733 | D:5      | Reached skill level 3 in Shields
  3936 | D:5      | Reached skill level 5 in Conjurations
  3970 | D:5      | Reached skill level 4 in Shields
  3972 | D:5      | Reached skill level 6 in Conjurations
  4129 | D:5      | Reached XP level 8. HP: 43/43 MP: 7/12
  4233 | D:5      | Noticed Duvessa
  4283 | D:5      | Killed Duvessa
  4284 | D:5      | Reached skill level 7 in Conjurations
  4333 | D:5      | Noticed Dowan
  4358 | D:5      | Killed Dowan
  4359 | D:5      | Reached skill level 8 in Conjurations
  4599 | D:5      | Found a runed translucent door.
  4602 | D:5      | Noticed RockinRobin's ghost (amateur FeSh)
  4707 | D:5      | Reached skill level 2 in Fighting
  4800 | D:5      | Found a runed translucent door.
  5164 | D:6      | Noticed Sigmund
  5173 | D:6      | Killed Sigmund
  5174 | D:6      | Reached skill level 4 in Dodging
  5600 | D:6      | Reached skill level 5 in Dodging
  5698 | D:6      | Reached skill level 3 in Fighting
  5837 | D:6      | Found a staircase to the Ecumenical Temple.
  5852 | Temple   | Entered the Ecumenical Temple
  5948 | Temple   | Became a worshipper of Vehumet
  6001 | D:6      | Noticed Jeremiah
  6022 | D:6      | Killed Jeremiah
  6023 | D:6      | Reached skill level 5 in Fighting
  6023 | D:6      | Reached skill level 3 in Spellcasting
  6023 | D:6      | Reached XP level 9. HP: 54/54 MP: 1/14
  6031 | D:6      | Learned a level 7 spell: Orb of Destruction
  6704 | D:6      | Reached skill level 4 in Spellcasting
  6704 | D:6      | Reached skill level 9 in Conjurations
  6715 | D:6      | Reached skill level 10 in Conjurations
  6868 | D:6      | Identified the +0 ring mail "Syji" {Str+4 Int+2 Dex+4}
  7238 | D:7      | Found Diyfoell's Distillery.
  7240 | D:7      | Found Nonlom's Antique Weapon Emporium.
  7244 | D:7      | Reached skill level 11 in Conjurations
  7295 | D:7      | Found Kiat Wui's Weapon Shoppe.
  7299 | D:7      | Bought a potion of heal wounds for 80 gold pieces
  7883 | D:8      | Reached skill level 12 in Conjurations
  7883 | D:8      | Reached XP level 10. HP: 59/59 MP: 3/17
  8301 | D:8      | Reached * piety under Vehumet
  8301 | D:8      | Offered knowledge of Freeze by Vehumet.
  8392 | D:8      | Found a sacrificial altar of Ru.
  8398 | D:8      | Noticed a two-headed ogre
  8405 | D:8      | Killed a two-headed ogre
  8406 | D:8      | Reached skill level 13 in Conjurations
  9272 | D:9      | Noticed Joseph
  9272 | D:9      | Found a hazy altar of Hepliaklqana.
  9279 | D:8      | Reached skill level 14 in Conjurations
 10484 | D:9      | Found a staircase to the Orcish Mines.
 10542 | D:9      | Reached skill level 5 in Spellcasting
 10919 | D:9      | Noticed a two-headed ogre
 10962 | D:8      | Killed a two-headed ogre
 10963 | D:8      | Reached skill level 3 in Stealth
 11126 | D:9      | Killed Joseph
 11127 | D:9      | Reached skill level 6 in Dodging
 11201 | D:9      | Noticed Amaemon
 11202 | D:9      | Noticed an orange demon
 11205 | D:9      | Killed Amaemon
 11205 | D:9      | Offered knowledge of Momentum Strike by Vehumet.
 11206 | D:9      | Reached skill level 4 in Stealth
 11206 | D:9      | Reached skill level 9 in Air Magic
 11206 | D:9      | Reached XP level 11. HP: 63/63 MP: 8/19
 11214 | D:9      | Reached skill level 5 in Stealth
 11550 | D:9      | Reached skill level 7 in Dodging
 11574 | D:9      | Reached ** piety under Vehumet
 11956 | D:9      | Noticed a boulder beetle
 11967 | D:9      | Killed a boulder beetle
 11968 | D:9      | Reached skill level 8 in Dodging
 12137 | D:9      | Found a shimmering blue altar of Sif Muna.
 12365 | D:10     | Entered Level 10 of the Dungeon
 12655 | D:10     | Identified the +1 hat of Beyond {-Tele Harm Int-5 Dex+9}
 13372 | D:10     | Reached skill level 6 in Spellcasting
 13372 | D:10     | Reached skill level 1 in Evocations
 13598 | D:10     | Found a portal to a secret trove of treasure.
 13966 | D:11     | Reached skill level 2 in Evocations
 14063 | D:11     | Found a staircase to the Lair.
 14206 | D:11     | Reached skill level 3 in Evocations
 14386 | D:11     | Noticed a two-headed ogre
 14386 | D:11     | Noticed a manticore
 14603 | D:11     | Killed a manticore
 14612 | D:11     | Reached skill level 4 in Evocations
 14629 | D:11     | Killed a two-headed ogre
 15083 | D:11     | Noticed a manticore
 15114 | D:11     | Killed a manticore
 15200 | D:11     | Offered knowledge of Scorch by Vehumet.
 15201 | D:11     | Reached skill level 7 in Spellcasting
 15474 | D:11     | Noticed a sixfirhy
 15478 | D:11     | Reached skill level 15 in Conjurations
 15566 | Lair:1   | Entered Level 1 of the Lair of Beasts
 15571 | Lair:1   | Reached XP level 12. HP: 60/68 MP: 12/23
 15758 | Lair:1   | Reached *** piety under Vehumet
 16187 | Lair:1   | Reached skill level 6 in Fighting
 16983 | Lair:2   | Reached skill level 9 in Dodging
 17257 | Lair:2   | Found a blossoming altar of Fedhas.
 17328 | Lair:2   | Found a white marble altar of Elyvilon.
 17399 | Lair:2   | Offered knowledge of Volatile Blastmotes by Vehumet.
 17514 | Lair:2   | You are sucked into a shaft and drop 1 floor!
 17516 | Lair:3   | Found a transporter.
 17648 | Lair:3   | Noticed a skyshark
 17659 | Lair:3   | Killed a skyshark
 17792 | Lair:3   | Reached skill level 16 in Conjurations
 18039 | Lair:2   | Reached skill level 7 in Fighting
 18209 | Lair:2   | Learned a level 7 spell: Spellforged Servitor
 18349 | Lair:3   | Reached skill level 10 in Dodging
 18349 | Lair:3   | Reached skill level 1 in Summonings
 18364 | Lair:3   | Reached skill level 2 in Summonings
 18606 | Lair:3   | Noticed an alligator
 18611 | Lair:3   | Noticed a death yak
 18615 | Lair:3   | Noticed jasper's ghost (journeyman DECj)
 18619 | Lair:3   | Reached skill level 3 in Summonings
 18620 | Lair:3   | Noticed a six-headed hydra
 18651 | Lair:3   | Reached **** piety under Vehumet
 18685 | Lair:3   | Reached skill level 4 in Summonings
 18770 | Lair:3   | Reached skill level 5 in Summonings
 18926 | Lair:3   | Found a staircase to the Swamp.
 18933 | Lair:3   | Reached skill level 6 in Summonings
 19281 | Lair:3   | Found a staircase to the Snake Pit.
 19307 | Lair:3   | Offered knowledge of Freezing Cloud by Vehumet.
 19308 | Lair:3   | Reached skill level 7 in Summonings
 19308 | Lair:3   | Reached XP level 13. HP: 69/76 MP: 5/24
 19433 | Lair:3   | Learned a level 5 spell: Freezing Cloud
 19612 | Lair:3   | Found a transporter.
 19628 | Lair:3   | Reached skill level 1 in Ice Magic
 19754 | Lair:3   | Reached skill level 2 in Ice Magic
 19760 | Lair:3   | Reached skill level 8 in Summonings
 19972 | Lair:3   | Reached skill level 3 in Ice Magic
 20380 | Lair:3   | Reached skill level 4 in Ice Magic
 20943 | Lair:3   | Reached skill level 5 in Ice Magic
 21429 | Lair:4   | Identified a potion of resistance
 21461 | Lair:4   | Found a frozen archway.
 21470 | Lair:4   | Reached skill level 9 in Summonings
 21471 | Lair:4   | Reached skill level 6 in Ice Magic
 21484 | IceCv    | Entered an ice cave
 21637 | IceCv    | Reached ***** piety under Vehumet
 21642 | IceCv    | Offered knowledge of Plasma Beam by Vehumet.
 21903 | IceCv    | Blown up by a spellforged servitor

Vanquished Creatures
  An alligator (Lair:3)
  A boulder beetle (D:9)
  3 two-headed ogres
  Amaemon (D:9)
  A skyshark (Lair:3)
  An oklob plant (Lair:4)
  2 manticores (D:11)
  Joseph (D:9)
  3 black mambas
  13 elephants
  An orange demon (D:9)
  A torpor snail (Lair:3)
  A gargoyle (D:10)
  Jeremiah (D:6)
  4 cane toads
  An unseen horror (D:11)
  6 komodo dragons
  A kobold demonologist (D:11)
  6 trolls
  2 polar bears (IceCv)
  A hornet (D:11)
  4 dream sheep (Lair:4)
  9 blink frogs
  A shadow (D:11)
  Sigmund (D:6)
  28 yaks
  2 wyverns
  2 basilisks
  3 wraiths
  A steam dragon (D:7)
  2 acid dragons (D:11)
  Duvessa (D:5)
  17 water moccasins
  An orc warrior (D:9)
  2 sky beasts
  3 black bears
  An ogre (D:5)
  9 wolves
  5 centaurs
  A kobold brigand (D:10)
  9 bullfrogs
  7 scorpions
  3 wights (D:8)
  Dowan (D:5)
  4 troll zombies (D:9)
  9 killer bees
  3 jellies
  A bombardier beetle (D:6)
  An electric eel (D:7)
  2 howler monkeys (D:11)
  3 orc priests
  4 hounds
  2 sleepcaps
  2 iguanas (D:5)
  5 orc wizards
  Natasha (thrice) (D:2)
  3 ogre zombies (D:9)
  4 gnolls
  8 adders
  A shadow imp (D:7)
  A white imp (D:5)
  3 ufetubi
  2 dart slugs
  2 ribbon worms
  22 orcs
  10 bats
  5 endoplasms
  2 giant cockroaches
  3 gnoll zombies (D:9)
  6 hobgoblins
  7 jackals (D:1)
  2 quokkas (D:1)
  7 ball pythons
  A frilled lizard (D:3)
  5 gnoll skeletons (D:9)
  6 goblins
  9 kobolds
  3 orc skeletons (D:9)
  14 orc zombies (D:9)
  3 rats
333 creatures vanquished.

Vanquished Creatures (collateral kills)
  3 elephants
  A polar bear (IceCv)
  3 blink frogs (Lair:3)
  2 dream sheep (Lair:4)
  7 yaks
  A water moccasin (Lair:3)
  4 wolves (IceCv)
21 creatures vanquished.

Vanquished Creatures (others)
  A yak (Lair:4)
1 creature vanquished.

Grand Total: 355 creatures vanquished

Table legend: (Time is in decaauts)
 A = Elapsed time spent in this place.
 B = Non-inter-level travel time spent in this place.
 C = Inter-level travel time spent in this place.
 D = Time resting spent in this place.
 E = Time spent auto-exploring this place.
 F = Levels seen in this place.
 G = Mean time per level.
                   A        B        C        D        E       F      G
               +--------+--------+--------+--------+--------+-----+--------+
         Total |  21944 |  21075 |    869 |   2257 |  15708 |  17 | 1290.8 |
       Dungeon |  15630 |  15014 |    616 |   1390 |  11555 |  11 | 1420.9 |
        Temple |    109 |     84 |     25 |      0 |     83 |   1 |  109.0 |
          Lair |   5782 |   5555 |    227 |    765 |   3840 |   4 | 1445.5 |
      Ice Cave |    421 |    421 |      0 |    102 |    230 |   1 |  421.0 |
               +--------+--------+--------+--------+--------+-----+--------+

Top non-repeatable levels by time:
  Lair:3: 3461 daAuts
     D:9: 2546 daAuts
     D:8: 1981 daAuts
    D:11: 1868 daAuts
     D:6: 1766 daAuts
     D:5: 1588 daAuts
    D:10: 1486 daAuts
  Lair:2: 1308 daAuts
     D:2: 984 daAuts
     D:4: 887 daAuts
     D:7: 879 daAuts
  Lair:1: 877 daAuts
     D:1: 825 daAuts
     D:3: 814 daAuts
   IceCv: 421 daAuts

Table legend:
 A = Non-vault XP
 B = Vault XP
 C = Vault XP percentage of total XP
 D = Non-vault monster count
 E = Vault monster count
 F = Vault count percentage of total count
                 A         B        C        D         E       F
            +---------+---------+-------+---------+---------+-------
      Total |   35230 |   15042 |  29.9 |     256 |      99 |  27.9
            +---------+---------+-------+---------+---------+-------
        D:1 |      35 |       0 |   0.0 |      21 |       0 |   0.0
        D:2 |     129 |      33 |  20.4 |      22 |       1 |   4.3
        D:3 |      70 |       8 |  10.3 |      13 |       4 |  23.5
        D:4 |     276 |       0 |   0.0 |      14 |       0 |   0.0
        D:5 |     671 |     370 |  35.5 |      16 |       6 |  27.3
        D:6 |    1626 |     632 |  28.0 |      16 |       2 |  11.1
        D:7 |     675 |       0 |   0.0 |      13 |       0 |   0.0
        D:8 |    2978 |       0 |   0.0 |      16 |       0 |   0.0
        D:9 |    1429 |    2353 |  62.2 |      12 |      38 |  76.0
       D:10 |    1453 |       0 |   0.0 |      19 |       0 |   0.0
       D:11 |    1439 |    4502 |  75.8 |       7 |      13 |  65.0
     Lair:1 |    3020 |       0 |   0.0 |      13 |       0 |   0.0
     Lair:2 |    2814 |     418 |  12.9 |      13 |       1 |   7.1
     Lair:3 |   12313 |    2863 |  18.9 |      39 |      12 |  23.5
     Lair:4 |    6302 |       0 |   0.0 |      22 |       0 |   0.0
      IceCv |       0 |    3863 | 100.0 |       0 |      22 | 100.0
            +---------+---------+-------+---------+---------+-------

Levels and vault maps discovered:
D:1:      grunt_arrival_crossed_arrows, layout_rooms,
          minmay_misc_feat_four_crosses
D:2:      layout_basic, basic_altar, basic_ecumenical_altar, uniq_natasha
D:3:      layout_rooms, minmay_goblin_kobold_house
D:4:      layout_basic, minmay_misc_feat_hallway
D:5:      kennysheep_spiral_hall, layout_loops_cross, ebering_ghost_sewer_f,
          uniq_duvessa
D:6:      layout_loops_corners, minmay_temple_entry_drinking_statues,
          uniq_sigmund, uniq_jeremiah
D:7:      layout_cave_pools, serial_glass, glass_columns_c, glass_columns_a,
          nicolae_wooded_promenade
D:8:      layout_loops_corners, nicolae_ru_sacrificial_ziggurat
D:9:      layout_stronghold, grunt_temple_overflow_open, zombieorc2_lemuel,
          minmay_misc_feat_tiny, uniq_joseph, uniq_amaemon
D:10:     layout_stronghold, nicolae_trove_entry_crystal
D:11:     minmay_recursive_quarters, layout_rooms, david_lair_shrubbed
Temple:   compressed_dpeg_triangle_lava_temple
Lair:1:   layout_big_grid, serial_bayou_shore_a
Lair:2:   layout_chaotic_city, basic_altar, hangedman_tree_tricks
Lair:3:   layout_cave_pods, mainiacjoe_swamp_entry_lozenge_pond,
          minmay_snake_entry_six_corridors, gammafunk_ghost_berserking_beasts,
          infiniplex_staircase_pool, grunt_megastairs_2
Lair:4:   layout_regular_city, portal_ice_cave_entry_pillars_1
IceCv:    ice_cave_caverns_01
